 Dungeon Crawl Stone Soup version bcrawl-1.12-11-gb93c957c58 (console) character file.

Game seed: 3492698554028634998

3404 Lexodia the Twirler (level 9, -3/63 HPs)
             Began as a Demonspawn Archaeologist on July 4, 2019.
             Was a Priest of Uskayaw.
             Slain by a warg (8 damage)
             ... on level 7 of the Dungeon.
             The game lasted 00:14:29 (4956 turns).

Lexodia the Twirler (Demonspawn Archaeologist)      Turns: 4956, Time: 00:14:29

Health: -3/63      AC: 11    Str: 14    XL:     9   Next: 75%
Magic:  19/24      EV: 14    Int: 22    God:    Uskayaw [***...]
Gold:   423        SH:  0    Dex: 12    Spells: 14/20 levels left

rFire    . . .     SeeInvis .   f - +6 Majin-Bo {vamp, Archmagi MP+6 Int+6}
rCold    . . .     Gourm    .   (shield currently unavailable)
rNeg     . . .     Faith    .   l - +3 ring mail
rPois    .         Spirit   .   b - +1 hat
rElec    .         Reflect  .   (no cloak)
rCorr    .         Harm     .   (no gloves)
MR       .....                  c - +1 pair of boots
Stlth    +.........             r - amulet of regeneration
HPRegen  0.60/turn              (no ring)
MPRegen  0.19/turn              (no ring)

@: no status effects
A: horns 1, talons 1, repulsion field 2, spiny 3
a: Stomp, Line Pass, Renounce Religion


You were on level 7 of the Dungeon.
You worshipped Uskayaw.
Uskayaw was noncommittal.
You were not hungry.

You visited 2 branches of the dungeon, and saw 8 of its levels.

You collected 423 gold pieces.

Inventory:

Hand Weapons
 f - the +6 Majin-Bo (weapon) {vamp, Archmagi MP+6 Int+6}

   It inflicts no extra harm, but heals its wielder when it wounds a living foe.
   It affects your intelligence (+6).
   It affects your magic capacity (+6).
 m - a +2 dagger of electrocution
Armour
 b - a +1 hat (worn)
 c - a +1 pair of boots (worn)
 l - a +3 ring mail (worn)
 u - a +0 shield
 B - the +3 leather armour of Autotheism {*Slow +Inv +Fly rN+++}
   (You took it off an orc on level 5 of the Dungeon)

   It renders you almost immune to negative energy.
   It lets you turn invisible.
   It lets you fly.
   It may slow you when you take damage.
Jewellery
 p - a +4 amulet of reflection
 r - an amulet of regeneration (around neck)
 y - an uncursed ring of ice
Wands
 h - a wand of polymorph (13)
 E - a wand of flame (19)
Scrolls
 a - a scroll of amnesia
 d - 3 scrolls of magic mapping {unknown}
 e - 9 scrolls of identify
 k - 3 scrolls of enchant weapon
 s - 3 scrolls of remove curse
 t - a scroll of blinking {unknown}
 v - a scroll of noise {unknown}
 w - a scroll of immolation
 x - 4 scrolls of teleportation
 C - a scroll of enchant armour {unknown}
 D - a scroll of fog {unknown}
Potions
 i - 4 potions of curing
 j - a potion of heal wounds
 n - a potion of invisibility
 o - a potion of lignification
 q - a potion of resistance
 z - 2 potions of mutation
Comestibles
 g - 9 rations {!d}
 A - 13 chunks of flesh


   Skills:
 - Level 3.0 Fighting
 * Level 7.5 Staves
 - Level 2.6 Dodging
 - Level 3.0 Stealth
 - Level 4.4 Shields
 - Level 1.3 Unarmed Combat
 - Level 6.3 Spellcasting
 - Level 4.0 Conjurations
 - Level 4.0 Hexes
 + Level 6.3 Invocations


You had 14 spell levels left.
You knew the following spells:

 Your Spells              Type           Power        Failure   Level  Hunger
a - Confuse               Hex            #####...     11%         3    #......
b - Dazzling Spray        Conj/Hex       #####.       11%         3    #......

Your spell library contained the following spells:

 Spells                   Type           Power        Failure   Level  Hunger
 Yara's Violent Unravell  Hex/Tmut       ###.......   61%         4    ###....
 Petrify                  Tmut/Erth      ##......     87%         4    ###....
 Metabolic Englaciation   Hex/Ice        ###.......   91%         5    #####..


Dungeon Overview and Level Annotations

Branches:
Dungeon (7/12)             Temple (1/1) D:4
   Lair: D:7-10

Altars:
Ashenzari
Cheibriados
Dithmenos
Elyvilon
Fedhas
Gozag
Hepliaklqana
Kikubaaqudgha
Lugonu
Makhleb
Nemelex Xobeh
Okawaru
Qazlal
Ru
Sif Muna
Trog
Uskayaw
Vehumet
Wu Jian
Xom
Yredelemnul
Zin
The Shining One

Shops:
D:4 }


Innate Abilities, Weirdness & Mutations

You are surrounded by a moderate repulsion field. (EV +3)
You are completely covered in sharp spines.
You have a pair of small horns on your head.
You have sharp toenails.


Message History

The warg bites you! x2
* * * LOW HITPOINT WARNING * * *
Unknown command.
You thump the warg!
You feel better.
You kill the warg!
The warg is struck by your spines. The warg bites you.
* * * LOW HITPOINT WARNING * * *
The warg bites you!
* * * LOW HITPOINT WARNING * * *
Uskayaw will force your foes to helplessly watch your dance.
Uskayaw prepares the audience for your solo!
The helpless warg fails to defend itself.
You sock the warg!
The warg is moderately wounded.
The warg is no longer paralysed.
The helpless warg fails to defend itself.
You hit the warg but do no damage.
The warg is moderately wounded.
The warg is no longer paralysed. x6; The warg bites you!
You die...

#.≈≈≈.... #+###≈≈....
################...#≈≈....
............%..#.o.#≈≈....
≈≈≈≈≈≈≈≈≈h≈≈≈≈≈#####≈≈....
≈≈≈≈≈≈≈≈≈≈≈≈≈≈≈≈≈≈≈≈≈≈....
≈≈≈≈≈≈≈≈h≈≈≈≈≈≈≈≈≈≈≈≈≈....
.......hhh.P..............
.......hh@.........P......
##########################


You could see 7 wargs.

Vanquished Creatures
  A centaur skeleton (D:5)
  A hippogriff (D:6)
  4 wargs (D:7)
  A water moccasin (D:3)
  3 sky beasts
  2 phantoms
  3 centaurs
  5 ogres
  A big kobold (D:7)
  A bullfrog (D:6)
  A scorpion (D:6)
  A howler monkey (D:7)
  3 crimson imps
  A bullfrog zombie (D:6)
  A centaur zombie (D:6)
  2 jellies (D:6)
  A bullfrog skeleton (D:6)
  6 orc priests
  7 orc wizards
  2 iguanas
  Terence (D:2)
  4 worker ants
  Ijyb (D:3)
  A hound zombie (D:5)
  A hound skeleton (D:4)
  3 adders
  3 oozes
  An adder skeleton (D:5)
  An adder zombie (D:6)
  3 worms
  A dart slug (D:1)
  2 leopard geckos
  35 orcs
  5 giant cockroaches
  16 goblins
  12 hobgoblins
  2 jackals (D:1)
  5 quokkas
  8 bats
  5 frilled lizards
  14 kobolds
  4 rats
175 creatures vanquished.

Notes
Turn   | Place    | Note
-------+----------+-------------------------------------------
     0 | D:1      | Lexodia the Demonspawn Archaeologist began the quest for
                  | the Orb.
     0 | D:1      | Reached XP level 1. HP: 15/15 MP: 1/1
   118 | D:1      | Gained mutation: You are partially covered in sharp spines.
                  | [demonic ancestry]
   118 | D:1      | Reached XP level 2. HP: 20/22 MP: 2/2
   538 | D:1      | Reached XP level 3. HP: 27/29 MP: 3/3
   818 | D:2      | Reached skill level 1 in Unarmed Combat
   890 | D:2      | Found a glowing silver altar of Zin.
   891 | D:2      | Found a sparkling altar of Nemelex Xobeh.
   891 | D:2      | Found a hazy altar of Hepliaklqana.
   996 | D:2      | Noticed Terence
  1023 | D:2      | Killed Terence
  1023 | D:2      | Reached skill level 1 in Spellcasting
  1023 | D:2      | Reached XP level 4. HP: 22/35 MP: 3/6
  1063 | D:2      | Gained mutation: You have sharp toenails. [potion of
                  | mutation]
  1063 | D:2      | Gained mutation: You have a pair of small horns on your
                  | head. [potion of mutation]
  1089 | D:2      | Reached skill level 1 in Shields
  1536 | D:3      | Noticed a water moccasin
  1701 | D:3      | Killed a water moccasin
  1701 | D:3      | Gained mutation: You are mostly covered in sharp spines.
                  | [demonic ancestry]
  1701 | D:3      | Reached XP level 5. HP: 41/41 MP: 7/10
  1753 | D:3      | Noticed Ijyb
  1782 | D:3      | Killed Ijyb
  2168 | D:3      | Reached XP level 6. HP: 36/47 MP: 12/12
  2412 | D:3      | Reached skill level 5 in Spellcasting
  2562 | D:4      | Gained mutation: You are surrounded by a mild repulsion
                  | field. (EV +2) [demonic ancestry]
  2562 | D:4      | Reached XP level 7. HP: 50/52 MP: 14/16
  2708 | D:4      | Learned a level 3 spell: Confuse
  2809 | D:4      | Found Ohepootza's Gadget Emporium.
  2872 | D:4      | Reached skill level 1 in Staves
  2971 | D:4      | Found a staircase to the Ecumenical Temple.
  2978 | D:4      | Reached skill level 2 in Staves
  2981 | Temple   | Entered the Ecumenical Temple
  3179 | Temple   | Became a worshipper of Uskayaw the Reveler
  3320 | D:4      | Reached * piety under Uskayaw
  3323 | D:4      | Reached ** piety under Uskayaw
  3324 | D:4      | Reached skill level 3 in Staves
  3430 | D:5      | Entered Level 5 of the Dungeon
  3510 | D:5      | Found a white marble altar of Elyvilon.
  3523 | D:5      | Reached skill level 1 in Hexes
  3569 | D:5      | Gained mutation: You are completely covered in sharp
                  | spines. [demonic ancestry]
  3569 | D:5      | Reached XP level 8. HP: 57/58 MP: 17/17
  3572 | D:5      | Reached *** piety under Uskayaw
  3576 | D:5      | Reached skill level 1 in Invocations
  3576 | D:5      | Reached **** piety under Uskayaw
  3579 | D:5      | Reached skill level 4 in Staves
  3599 | D:5      | Learned a level 3 spell: Dazzling Spray
  3772 | D:5      | Reached skill level 1 in Conjurations
  3779 | D:5      | Identified the +3 leather armour of Autotheism {*Slow +Inv
                  | +Fly rN+++}
  3780 | D:5      | Reached skill level 5 in Staves
  4114 | D:6      | Gained mutation: You are surrounded by a moderate repulsion
                  | field. (EV +3) [demonic ancestry]
  4114 | D:6      | Reached XP level 9. HP: 59/63 MP: 17/18
  4203 | D:6      | Reached skill level 6 in Staves
  4318 | D:6      | Found a radiant altar of Vehumet.
  4355 | D:6      | Reached skill level 5 in Invocations
  4613 | D:6      | Found a deep blue altar of Sif Muna.
  4791 | D:7      | Reached ***** piety under Uskayaw
  4873 | D:7      | Reached skill level 7 in Staves
  4956 | D:7      | Slain by a warg

Skill      XL: |  1  2  3  4  5  6  7  8  9 |
---------------+----------------------------+-----
Fighting       | 2 3 |  3.0
Unarmed Combat | 1 |  1.3
Spellcasting   | 1 3 4 6 |  6.3
Shields        | 2 4 |  4.4
Staves         | 3 5 7 |  7.5
Hexes          | 1 3 4 |  4.0
Invocations    | 4 6 |  6.3
Conjurations   | 2 4 |  4.0
Dodging        | |  2.6
Stealth        | |  3.0

Action                   |  1- 3 |  4- 6 |  7- 9 || total
-------------------------+-------+-------+-------++-------
Melee: Unarmed           |    90 |   107 |       ||   197
       Dagger            |   102 |    96 |    28 ||   226
       Headbutt          |       |    29 |    27 ||    56
       Quarterstaff      |       |       |   157 ||   157
 Cast: Dazzling Spray    |       |       |     4 ||     4
  Use: Scroll            |     4 |     4 |       ||     8
       Potion            |       |     7 |       ||     7
 Stab: Sleeping          |     1 |     1 |     2 ||     4
       Distracted        |       |     1 |       ||     1
       Confused          |       |     1 |       ||     1
       Paralysed         |       |       |    11 ||    11
  Eat: Chunk             |     1 |     4 |     7 ||    12
       Ration            |       |       |     2 ||     2
Armor: Ring mail         |    82 |    41 |    68 ||   191
       Robe              |     8 |       |       ||     8
       Skin              |       |     6 |       ||     6
Dodge: Dodged            |    90 |    36 |   116 ||   242
Block: Other             |    17 |       |     2 ||    19
       Shield            |    21 |    99 |    14 ||   134
       Reflection        |       |     4 |       ||     4
